 Dungeon Crawl Stone Soup version 0.29.1-1-gd02db6906a (webtiles) character file.

Game seed: 5077290906032364645

6 RogueRain17 the Covert (level 1, -7/23 HPs)
             Began as a Gnoll Delver on Oct 2, 2022.
             Mangled by an iguana (13 damage)
             ... on level 5 of the Dungeon.
             The game lasted 00:00:28 (127 turns).

RogueRain17 the Covert (Gnoll Delver)                Turns: 127, Time: 00:00:28

Health: -7/23      AC:  3    Str: 11    XL:     1   Next: 90%
Magic:  1/1        EV: 13    Int:  9    God:
Gold:   12         SH:  0    Dex: 13    Spells: 0/0 levels left

rFire   . . .      SeeInvis .   a - +0 hand axe
rCold   . . .      Faith    .   (no shield)
rNeg    . . .      Spirit   .   b - +0 leather armour
rPois   .          Reflect  .   (no helmet)
rElec   .          Harm     .   (no cloak)
rCorr   .          Rampage  .   (no gloves)
Will    .....                   (no boots)
Stlth   ++++......              (no amulet)
HPRegen 0.07/turn               (no ring)
MPRegen 0.07/turn               (no ring)

@: no status effects
A: fangs 1, strong nose, distributed training
a: no special abilities


You were on level 5 of the Dungeon.
You visited 1 branch of the dungeon, and saw 1 of its levels.

You collected 12 gold pieces.

Inventory:

Hand Weapons
 a - a +0 hand axe (weapon)
Armour
 b - a +0 leather armour (worn)
Wands
 g - a wand of digging (3)
Scrolls
 c - a scroll of fog
 d - a scroll of magic mapping
 e - a scroll of fear
Potions
 f - a potion of haste
 h - a potion of invisibility {unknown}


   Skills:
 + Level 6.4 Fighting
 + Level 0.2 Short Blades
 + Level 0.2 Long Blades
 + Level 4.4 Axes
 + Level 0.2 Maces & Flails
 + Level 0.2 Polearms
 + Level 0.2 Staves
 + Level 0.2 Ranged Weapons
 + Level 0.2 Throwing
 + Level 0.2 Armour
 + Level 4.4 Dodging
 + Level 9.5 Stealth
 + Level 0.2 Shields
 + Level 0.2 Unarmed Combat
 + Level 0.2 Spellcasting
 + Level 0.1 Conjurations
 + Level 0.1 Hexes
 + Level 0.1 Summonings
 + Level 0.1 Necromancy
 + Level 0.1 Translocations
 + Level 0.1 Transmutations
 + Level 0.1 Fire Magic
 + Level 0.1 Ice Magic
 + Level 0.1 Air Magic
 + Level 0.1 Earth Magic
 + Level 0.1 Poison Magic
 + Level 0.3 Invocations
 + Level 0.2 Evocations


You couldn't memorise any spells.
You didn't know any spells.
Your spell library was empty.

Dungeon Overview and Level Annotations

Branches:
Dungeon (5/15)
 Temple: D:4-7

Altars:


Innate Abilities, Weirdness & Mutations

You have very sharp teeth.
Your uncanny sense of smell can sniff out nearby items.
Your experience applies equally to all skills.


Message History

The orc is lightly wounded.
The orc hits you with a +0 dagger.
You barely miss the orc.
The orc is lightly wounded.
The orc barely misses you.
You slash the orc!
You kill the orc!
You closely miss the orc. The orc hits you with a +0 war axe.
You hit the orc. Your bite misses the orc.
The orc is heavily wounded.
You closely miss the orc. The orc barely misses you.
The orc closely misses you.
You hit the orc.
The orc is almost dead.
You hit the orc. The orc hits you but does no damage.
The orc closely misses you.
You barely miss the orc.
The orc is almost dead.
You hit the orc. The orc hits you with a +0 short sword.
The orc hits you with a +0 war axe.
You are too injured to fight recklessly!
You are too injured to fight recklessly!
You are too injured to fight recklessly!
You hit the orc.
You kill the orc!
You hit the orc.
You kill the orc!
An iguana is nearby!
Things that are here:
a +0 short sword; an orc corpse You open the door.
A hound, a dart slug, an ice beast and 2 trolls come into view.
You close the door.
The iguana bites you but does no damage.
The iguana bites you. The iguana bites you!
* * * LOW HITPOINT WARNING * * *
The iguana attacks as you move away! The iguana bites you!
Ouch! That really hurt!
You die...

#....# #......##.........
#.....##......##.........
#.....##......##........#
#.....##......##.........
#.............##.........
#.......!.....##........#
#####...........#######+###
#.................
#.....)...@......$.
#.....))..l#+#.....
#.........## #?...
#?........# ∆ ..# ∆ ∆
#........## .# ##....##.#∆
#....#..# ####.#.#######
#...#..h..T∆


You could see an iguana.

Vanquished Creatures
  3 orcs (D:5)
3 creatures vanquished.

Notes
Turn   | Place    | Note
-------+----------+-------------------------------------------
     0 | D:5      | Reached skill level 9 in Stealth
     0 | D:5      | RogueRain17 the Gnoll Delver began the quest for the Orb.
     0 | D:5      | Reached XP level 1. HP: 23/23 MP: 1/1
    20 | D:5      | Noticed an iguana
   116 | D:5      | Noticed a hound
   116 | D:5      | Noticed a troll
   116 | D:5      | Noticed an ice beast
   116 | D:5      | Noticed a troll
   127 | D:5      | Mangled by an iguana

Illustrated notes

Levels and vault maps discovered:
D:5:      layout_basic, minmay_divided_ellipse, uniq_crazy_yiuf_cottage,
          uniq_edmund

Skill      XL: | |
---------------+-+-----
Stealth        | |  9.5
Fighting       | |  6.4
Short Blades   | |  0.2
Long Blades    | |  0.2
Axes           | |  4.4
Maces & Flails | |  0.2
Polearms       | |  0.2
Staves         | |  0.2
Ranged Weapons | |  0.2
Throwing       | |  0.2
Armour         | |  0.2
Dodging        | |  4.4
Shields        | |  0.2
Unarmed Combat | |  0.2
Spellcasting   | |  0.2
Conjurations   | |  0.1
Hexes          | |  0.1
Summonings     | |  0.1
Necromancy     | |  0.1
Translocations | |  0.1
Transmutations | |  0.1
Fire Magic     | |  0.1
Ice Magic      | |  0.1
Air Magic      | |  0.1
Earth Magic    | |  0.1
Poison Magic   | |  0.1
Invocations    | |  0.3
Evocations     | |  0.2

Action                   || total
-------------------------++-------
Melee: Hand axe          ||     9
Armor: Leather armour    ||     2
Dodge: Dodged            ||     6
